 Dungeon Crawl Stone Soup version 0.29.1-2-gbd0b4ee654 (webtiles) character file.

Game seed: 7542138760535260274

1793 RUZZLEFAZAZZLE the Shield-Bearer (level 9, -2/74 HPs)
             Began as a Gnoll Fighter on Nov 25, 2022.
             Was an Initiate of Okawaru.
             Slain by a water moccasin (5 damage)
             ... on level 7 of the Dungeon.
             The game lasted 00:15:30 (7040 turns).

RUZZLEFAZAZZLE the Shield-Bearer (Gnoll Fighter)    Turns: 7040, Time: 00:15:31

Health: -2/74      AC: 26    Str: 19    XL:     9   Next: 9%
Magic:  15/15      EV:  7    Int:  7    God:    Okawaru [......]
Gold:   255        SH:  6    Dex: 13    Spells: 16/16 levels left

rFire   . . .      SeeInvis .   a - +2 war axe (protect)
rCold   . . .      Faith    +   c - +0 buckler
rNeg    . . .      Spirit   .   i - +0 plate armour
rPois   .          Reflect  .   v - +0 helmet
rElec   .          Harm     .   e - +1 cloak {Stlth+}
rCorr   .          Rampage  .   (no gloves)
Will    .....                   l - +1 pair of boots
Stlth   ..........              s - amulet of faith
HPRegen 0.22/turn               (no ring)
MPRegen 0.14/turn               (no ring)

@: under a protective aura
A: fangs 1, strong nose, distributed training
a: Renounce Religion


You were on level 7 of the Dungeon.
You worshipped Okawaru.
Okawaru was noncommittal.
You visited 2 branches of the dungeon, and saw 8 of its levels.
You also visited: Sewer.

You collected 255 gold pieces.

Inventory:

Hand Weapons
 a - a +2 war axe of protection (weapon)
 g - a +0 flail of holy wrath
 j - a +2 short sword of speed
Armour
 c - a +0 buckler (worn)
 e - a +1 cloak of stealth (worn)
 i - a +0 plate armour (worn)
 l - a +1 pair of boots (worn)
 v - a +0 helmet (worn)
Jewellery
 s - an amulet of faith (around neck)
Wands
 t - a wand of flame (16)
Scrolls
 b - a scroll of identify
 h - a scroll of teleportation
 k - 2 scrolls of enchant armour
 p - a scroll of immolation
 r - 4 scrolls of blinking
 u - a scroll of vulnerability
Potions
 d - 2 potions of might
 f - 3 potions of flight
 m - a potion of haste
 n - a potion of curing
 o - a potion of cancellation


   Skills:
 + Level 7.8 Fighting
 + Level 4.0 Short Blades
 + Level 4.0 Long Blades
 + Level 6.2 Axes
 + Level 4.0 Maces & Flails
 + Level 4.0 Polearms
 + Level 4.0 Staves
 + Level 4.0 Ranged Weapons
 + Level 4.0 Throwing
 + Level 7.8 Armour
 + Level 4.0 Dodging
 + Level 4.0 Stealth
 + Level 7.8 Shields
 + Level 4.0 Unarmed Combat
 + Level 4.0 Spellcasting
 + Level 3.3 Conjurations
 + Level 3.3 Hexes
 + Level 3.3 Summonings
 + Level 3.3 Necromancy
 + Level 3.3 Translocations
 + Level 3.3 Transmutations
 + Level 3.3 Fire Magic
 + Level 3.3 Ice Magic
 + Level 3.3 Air Magic
 + Level 3.3 Earth Magic
 + Level 3.3 Poison Magic
 + Level 4.4 Invocations
 + Level 4.0 Evocations


You had 16 spell levels left.
You didn't know any spells.
Your spell library contained the following spells:

 Spells                   Type           Power      Damage    Failure   Level
 Apportation              Tloc           12%        N/A       92%         1
 Necrotise                Necr           24%        1d5       92%         1
 Slow                     Hex            24%        N/A       92%         1
 Poisonous Vapours        Pois/Air       12%        N/A       98%         2
 Confusing Touch          Hex            6%         N/A       100%        3
 Vampiric Draining        Necr           6%         2d6       100%        3
 Corpse Rot               Necr/Pois/Air  6%         N/A       100%        4
 Alistair's Intoxication  Tmut/Pois      4%         N/A       100%        5
 Borgnjor's Vile Clutch   Necr/Erth      3%         N/A       100%        5
 Eringya's Noxious Bog    Tmut/Pois      3%         N/A       100%        6
 Summon Small Mammal      Summ           Unusable   N/A       N/A         1

Dungeon Overview and Level Annotations

Branches:
Dungeon (7/15)             Temple (1/1) D:4           Sewer (visited)

Altars:
Ashenzari
Cheibriados
Dithmenos
Hepliaklqana
Makhleb
Nemelex Xobeh
Okawaru
Ru
Sif Muna
Trog
Uskayaw
Vehumet
Wu Jian
Yredelemnul
Zin
The Shining One


Innate Abilities, Weirdness & Mutations

You have very sharp teeth.
Your uncanny sense of smell can sniff out nearby items.
Your experience applies equally to all skills.


Message History

The white imp freezes you.
You slash the white imp!
Your weapon exudes an aura of protection.
You kill the white imp!
Okawaru accepts your kill.
A water moccasin comes into view.
The water moccasin hisses angrily.
Items here: ( )) [.
Okay, then.
A water moccasin is nearby!
You are too injured to fight recklessly!
You are too injured to fight recklessly!
You are too injured to fight recklessly!
You barely miss the water moccasin. The water moccasin bites you.
You are poisoned.
The water moccasin poisons you! The water moccasin bites you!
* * * LOW HITPOINT WARNING * * *
You are lethally poisoned!
The water moccasin poisons you!
You barely miss the water moccasin.
* * * LOW HITPOINT WARNING * * *
You feel extremely sick. The water moccasin bites you.
* * * LOW HITPOINT WARNING * * *
The water moccasin barely misses you.
You feel better.
The water moccasin completely misses you.
You hit the water moccasin.
Your weapon exudes an aura of protection.
Your bite misses the water moccasin.
The water moccasin is lightly wounded.
The water moccasin bites you but does no damage.
The water moccasin bites you.
* * * LOW HITPOINT WARNING * * *
You barely miss the water moccasin.
The water moccasin is lightly wounded.
You miss the butterfly. The water moccasin bites you!
* * * LOW HITPOINT WARNING * * *
The water moccasin bites you.
You die...

.............# ### ....
#.......#######..
#.#.##........)......#
....#..........######
#.........##.######
#∆#.#.......##.......
...#.#.).b.#############
.......).#....#
..##.##@....#..# #.
#S###....... .. ∆ ...∆
.#.#... #. .#.## ...# ##
. .##.. .### ∆ .. ... .#
.# .(. #. ∆ .#.. ∆


You could see a water moccasin.

Vanquished Creatures
  Edmund (D:4)
  A sky beast (D:7)
  An orc warrior (D:5)
  A black bear (D:6)
  A kobold brigand (D:7)
  2 bullfrogs
  A necrophage (D:5)
  A scorpion (D:3)
  6 killer bees
  A jelly (D:5)
  2 gnoll boudas (D:7)
  5 orc priests
  Natasha (thrice) (D:4)
  2 iguanas
  5 orc wizards
  A hell rat (Sewer)
  7 gnolls
  11 adders
  A river rat (Sewer)
  2 white imps (D:7)
  An ufetubus (D:5)
  4 dart slugs
  23 orcs
  10 ball pythons
  5 endoplasms
  8 giant cockroaches
  3 goblins
  7 hobgoblins
  3 jackals (D:5)
  4 quokkas
  4 bats
  4 frilled lizards
  5 kobolds
  8 rats
144 creatures vanquished.

Vanquished Creatures (collateral kills)
  A rat (D:3)
1 creature vanquished.

Grand Total: 145 creatures vanquished

Notes
Turn   | Place    | Note
-------+----------+-------------------------------------------
     0 | D:1      | RUZZLEFAZAZZLE the Gnoll Fighter began the quest for the
                  | Orb.
     0 | D:1      | Reached XP level 1. HP: 23/23 MP: 1/1
     2 | D:1      | You fall into a shaft and drop 1 floor!
    42 | D:2      | Found a faded altar of an unknown god.
   210 | D:2      | Reached XP level 2. HP: 29/29 MP: 2/2
   364 | D:2      | Reached XP level 3. HP: 35/35 MP: 3/3
   439 | D:1      | Reached skill level 1 in Invocations
   465 | D:1      | Reached skill level 1 in Short Blades
   465 | D:1      | Reached skill level 1 in Long Blades
   465 | D:1      | Reached skill level 1 in Maces & Flails
   465 | D:1      | Reached skill level 1 in Polearms
   465 | D:1      | Reached skill level 1 in Staves
   465 | D:1      | Reached skill level 1 in Ranged Weapons
   465 | D:1      | Reached skill level 1 in Throwing
   465 | D:1      | Reached skill level 1 in Dodging
   465 | D:1      | Reached skill level 1 in Stealth
   465 | D:1      | Reached skill level 1 in Unarmed Combat
   465 | D:1      | Reached skill level 1 in Spellcasting
   465 | D:1      | Reached skill level 1 in Evocations
   873 | D:1      | Reached XP level 4. HP: 41/41 MP: 5/5
  1392 | D:3      | Reached skill level 1 in Conjurations
  1392 | D:3      | Reached skill level 1 in Hexes
  1392 | D:3      | Reached skill level 1 in Summonings
  1392 | D:3      | Reached skill level 1 in Necromancy
  1392 | D:3      | Reached skill level 1 in Translocations
  1392 | D:3      | Reached skill level 1 in Transmutations
  1392 | D:3      | Reached skill level 1 in Fire Magic
  1392 | D:3      | Reached skill level 1 in Ice Magic
  1392 | D:3      | Reached skill level 1 in Air Magic
  1392 | D:3      | Reached skill level 1 in Earth Magic
  1392 | D:3      | Reached skill level 1 in Poison Magic
  1411 | D:3      | Identified a scroll of acquirement
  1411 | D:3      | Acquired a +1 cloak of stealth
  1697 | D:3      | Noticed a scorpion
  1703 | D:3      | Killed a scorpion
  1704 | D:3      | Reached XP level 5. HP: 40/47 MP: 5/7
  1927 | D:3      | Reached XP level 6. HP: 45/53 MP: 8/8
  2022 | D:3      | Found a glowing drain.
  2055 | Sewer    | Entered a sewer
  2127 | Sewer    | Reached skill level 5 in Axes
  2371 | D:3      | Found a hide-covered altar of Uskayaw.
  2416 | D:3      | Found a glowing silver altar of Zin.
  2825 | D:4      | Noticed Natasha
  2833 | D:4      | Killed Natasha
  2854 | D:4      | Noticed Natasha
  2857 | D:4      | Killed Natasha
  2927 | D:4      | Noticed Natasha
  2928 | D:4      | Noticed Edmund
  2943 | D:4      | Killed Natasha
  2958 | D:4      | Killed Edmund
  2959 | D:4      | Reached XP level 7. HP: 46/60 MP: 10/10
  3099 | D:4      | Found a staircase to the Ecumenical Temple.
  3108 | Temple   | Entered the Ecumenical Temple
  3655 | D:5      | Entered Level 5 of the Dungeon
  4132 | D:5      | HP: 2/60 [orc priest/+0 flail (5)]
  4651 | D:5      | Reached XP level 8. HP: 65/67 MP: 12/12
  4739 | D:5      | Found a bloodstained altar of Trog.
  6702 | D:6      | Found an iron altar of Okawaru.
  6708 | D:6      | Became a worshipper of Warmaster Okawaru
  6809 | D:7      | Found a large runed translucent door.
  6810 | D:7      | Found a large runed translucent door.
  6878 | D:7      | Found a glowing golden altar of the Shining One.
  6883 | D:7      | Found a radiant altar of Vehumet.
  6911 | D:7      | Reached XP level 9. HP: 73/73 MP: 14/14
  7040 | D:7      | HP: 3/74 [water moccasin (7)]
  7040 | D:7      | Slain by a water moccasin

Illustrated notes

Levels and vault maps discovered:
D:1:      heliophobic_arrival_glass_houses, layout_basic
D:2:      layout_basic, ebering_ecumenical_altar_petrified, st_stairs_10
D:3:      layout_loops_corners, old_standard_altar,
          nicolae_overflow_hidden_temple, gup_sewer_entry_glass,
          grunt_ministairs_6, minivault_14
D:4:      layout_rooms, minmay_temple_entry_antechambers,
          corexii_leaking_fountain, uniq_natasha, uniq_edmund
D:5:      layout_gridville, bloody_trog, minmay_misc_feat_room
D:6:      layout_loops_cross, mainiacjoe_overflow_alcove_2
D:7:      layout_rooms, xom_butterflies, tgw_kikubaaqudgha,
          jmf_multi_god_temple2, minmay_fractal_squares_5
Temple:   hellmonk_temple_flake

Skill      XL: |  1  2  3  4  5  6  7  8  9 |
---------------+----------------------------+-----
Invocations    | 1 2 3 4 |  4.4
Short Blades   | 1 2 3 4 |  4.0
Long Blades    | 1 2 3 4 |  4.0
Maces & Flails | 1 2 3 4 |  4.0
Polearms       | 1 2 3 4 |  4.0
Staves         | 1 2 3 4 |  4.0
Ranged Weapons | 1 2 3 4 |  4.0
Throwing       | 1 2 3 4 |  4.0
Dodging        | 1 2 3 4 |  4.0
Stealth        | 1 2 3 4 |  4.0
Unarmed Combat | 1 2 3 4 |  4.0
Spellcasting   | 1 2 3 4 |  4.0
Evocations     | 1 2 3 4 |  4.0
Conjurations   | 1 2 3 |  3.3
Hexes          | 1 2 3 |  3.3
Summonings     | 1 2 3 |  3.3
Necromancy     | 1 2 3 |  3.3
Translocations | 1 2 3 |  3.3
Transmutations | 1 2 3 |  3.3
Fire Magic     | 1 2 3 |  3.3
Ice Magic      | 1 2 3 |  3.3
Air Magic      | 1 2 3 |  3.3
Earth Magic    | 1 2 3 |  3.3
Poison Magic   | 1 2 3 |  3.3
Axes           | 5 6 |  6.2
Fighting       | 7 |  7.8
Armour         | 7 |  7.8
Shields        | 7 |  7.8

Action                   |  1- 3 |  4- 6 |  7- 9 || total
-------------------------+-------+-------+-------++-------
Melee: War axe           |    22 |   137 |   247 ||   406
       Bite              |     9 |     8 |    28 ||    45
       Short sword       |    68 |    46 |       ||   114
  Use: Scroll            |       |    12 |     7 ||    19
       Potion            |       |     6 |     3 ||     9
Armor: Scale mail        |     9 |       |       ||     9
       Plate armour      |    45 |   125 |   290 ||   460
Dodge: Dodged            |    23 |    33 |   116 ||   172
Block: Buckler           |    19 |    47 |    97 ||   163
